 Dungeon Crawl Stone Soup version 0.24.0-13-gcf9b319 (webtiles) character file.

Game seed: 11294328669839856299, levelgen mode: deterministic

2249 Birdy the Skirmisher (level 9, -2/79 HPs)
             Began as a Purple Draconian Hunter on Dec 7, 2019.
             Slain by a hornet (8 damage)
             ... while paralysed by a hornet
             ... on level 7 of the Dungeon.
             The game lasted 00:28:02 (8849 turns).

Birdy the Skirmisher (Purple Draconian Hunter)      Turns: 8849, Time: 00:28:02

Health: -2/79      AC:  4    Str: 17      XL:     9   Next: 15%
Magic:  9/9        EV:  2    Int: 12      God:
Gold:   312        SH:  0    Dex: 11 (12) Spells: 8/8 levels left

rFire    + . .     SeeInvis .     - Unarmed
rCold    . . .     Gourm    .   (no shield)
rNeg     . . .     Faith    .   (armour unavailable)
rPois    .         Spirit   .   (helmet restricted)
rElec    .         Reflect  .   (no cloak)
rCorr    .         Harm     .   (no gloves)
MR       +....                  n - +1 pair of boots
Stlth    +.........             (no amulet)
HPRegen  0.23/turn              s - ring of protection from fire
MPRegen  0.11/turn              u - -5 ring of protection (curse)

@: paralysed, lethally poisoned (-2 -> -27), slowed
A: breathe power, unfitting armour, cold-blooded, AC +7
a: Breathe Dispelling Energy


You were on level 7 of the Dungeon.
You were very hungry.

You visited 2 branches of the dungeon, and saw 8 of its levels.
You also visited: Sewer.

You collected 312 gold pieces.

Inventory:

Hand Weapons
 a - a +2 hand crossbow
 c - a +0 shortbow
 m - the +1 morningstar of Saloa {speed, rC++ Int+4 SInv}
   (You found it on level 4 of the Dungeon)

   Attacks with this weapon are significantly faster.
   It affects your intelligence (+4).
   It greatly protects you from cold.
   It lets you see invisible.
Missiles
 e - 64 arrows
 g - 2 boomerangs (quivered)
Armour
 n - a +1 pair of boots (worn)
Jewellery
 j - the ring "Umyxeosch" {+Fly rElec MP+9 Str-2}
   (You found it on level 5 of the Dungeon)

   [ring of magical power]

   It affects your strength (-2).
   It insulates you from electricity.
   It affects your magic capacity (+9).
   It lets you fly.
 s - a ring of protection from fire (left hand)
 u - a cursed -5 ring of protection (right hand)
Scrolls
 b - 2 scrolls of fog
 f - a scroll of immolation {unknown}
 k - a scroll of fear
 l - 4 scrolls of blinking
 o - a scroll of enchant weapon
 p - 2 scrolls of magic mapping
 q - 2 scrolls of teleportation
Potions
 h - a potion of lignification {unknown}
 t - a potion of haste {unknown}
Comestibles
 d - 13 rations


   Skills:
 + Level 7.0 Fighting
 + Level 6.6 Crossbows
 + Level 5.8 Dodging
 - Level 0.8 Stealth
 + Level 5.9 Unarmed Combat


You had 8 spell levels left.
You didn't know any spells.
Your spell library contained the following spells:

 Spells                   Type           Power        Failure   Level  Hunger
 Apportation              Tloc           #.....       32%         1    ##.....
 Summon Butterflies       Summ           #.......     32%         1    ##.....
 Lesser Beckoning         Tloc           #.........   69%         3    ####...
 Tukima's Dance           Hex            #.......     69%         3    ####...
 Alistair's Intoxication  Tmut/Pois      #.......     100%        5    ######.
 Invisibility             Hex            #.......     100%        6    #######


Dungeon Overview and Level Annotations

Branches:
Dungeon (7/15)             Temple (1/1) D:6           Sewer (visited)

Altars:
Ashenzari
Cheibriados
Dithmenos
Elyvilon
Fedhas
Gozag
Hepliaklqana
Kikubaaqudgha
Makhleb
Nemelex Xobeh
Okawaru
Qazlal
Ru
Trog
Uskayaw
Vehumet
Wu Jian
Xom
Yredelemnul
Zin
The Shining One


Innate Abilities, Weirdness & Mutations

You can breathe bolts of dispelling energy.
Your rich purple scales are hard. (AC +7)
You cannot fit into any form of body armour.
You are cold-blooded and may be slowed by cold attacks.


Message History

You are more poisoned.
You feel as though you will be slow longer.
The hornet barely misses you.
You feel very sick. The hornet barely misses you.
You feel sick. The hornet stings you.
You are more poisoned.
You feel as though you will be slow longer.
The hornet completely misses you.
You feel very sick. The hornet barely misses you. The hornet stings you!
You suddenly lose the ability to move!
You feel sick. The hornet stings you!
* * * LOW HITPOINT WARNING * * *
You are more poisoned.
You feel as though you will be slow longer.
* * * LOW HITPOINT WARNING * * *
You feel very sick. The hornet barely misses you. The hornet stings you!
You die...

.....#........# ......
..........##...###.... .
......##...#...#.....# ...
.......##[###.#......##...
#...... #..##.............
......# #.......#.........
..###.###......###........
...#...###......#.........
#........#.....>@l........
................#y......##
.........#......#.........
..#.).....##.............(
..#......###..............
........## #....####......
..†......# #....#.#.##....
...<..#..# ##.............
....#.#..####....##... ...


You could see a hornet and an iguana.

Vanquished Creatures
  Pikel (D:6)
  Eustachio (D:6)
  A water moccasin (D:7)
  An ice beast (D:6)
  An orc warrior (D:6)
  A slave (D:5)
  A phantom (D:6)
  2 centaurs
  A big kobold (D:7)
  4 bullfrogs
  A killer bee (D:6)
  2 howler monkeys
  A quasit (D:7)
  3 hounds
  An orc priest (D:3)
  A gnoll shaman (D:7)
  An orc wizard (D:3)
  Terence (D:3)
  2 iguanas
  3 worker ants
  A howler monkey skeleton (D:5)
  6 gnolls
  7 adders
  A shadow imp (D:7)
  2 adder skeletons
  5 worms
  11 leopard geckos
  28 orcs
  11 giant cockroaches
  10 hobgoblins
  12 jackals
  7 quokkas
  4 ball pythons
  5 bats
  4 frilled lizards
  4 goblins
  A jackal skeleton (D:5)
  4 kobolds
  A leopard gecko skeleton (D:7)
  6 rats
160 creatures vanquished.

Vanquished Creatures (others)
  2 slaves (D:6)
  A killer bee (D:6)
3 creatures vanquished.

Grand Total: 163 creatures vanquished

Notes
Turn   | Place    | Note
-------+----------+-------------------------------------------
     0 | D:1      | Birdy the Draconian Hunter began the quest for the Orb.
     0 | D:1      | Reached XP level 1. HP: 17/17 MP: 1/1
   630 | D:1      | Reached XP level 2. HP: 23/25 MP: 2/2
  1221 | D:2      | Found a shimmering altar of Xom.
  1231 | D:2      | Reached skill level 1 in Unarmed Combat
  1308 | D:2      | Reached XP level 3. HP: 30/30 MP: 3/3
  1708 | D:2      | Found an opulent altar of Gozag.
  2273 | D:3      | Reached skill level 3 in Fighting
  2276 | D:3      | Reached XP level 4. HP: 37/38 MP: 4/4
  2323 | D:3      | Reached XP level 5. HP: 35/45 MP: 5/5
  2353 | D:3      | Found a radiant altar of Vehumet.
  2658 | D:3      | Noticed Terence
  2722 | D:3      | Killed Terence
  3478 | D:4      | Reached XP level 6. HP: 52/52 MP: 6/6
  3518 | D:4      | Reached skill level 4 in Fighting
  3568 | D:4      | Found an iron altar of Okawaru.
  3593 | D:4      | Found an ornate altar of the Wu Jian Council.
  3759 | D:4      | Got an ebony morningstar
  3761 | D:4      | Identified the cursed +1 morningstar of Saloa {speed, rC++
                  | Int+4 SInv} (You found it on level 4 of the Dungeon)
  4122 | D:5      | Entered Level 5 of the Dungeon
  4290 | D:5      | Got a slimy lead ring
  4343 | D:5      | Found a hazy altar of Hepliaklqana.
  4403 | D:5      | Found a glowing drain.
  4423 | Sewer    | Entered a sewer
  4602 | Sewer    | Reached skill level 5 in Crossbows
  4602 | Sewer    | Your scales start taking on a rich purple colour.
  4602 | Sewer    | Reached XP level 7. HP: 54/60 MP: 7/7
  4877 | D:5      | Found a shimmering altar of Xom.
  5079 | D:5      | Identified the ring "Umyxeosch" {+Fly rElec MP+9 Str-2}
                  | (You found it on level 5 of the Dungeon)
  5247 | D:6      | Noticed Eustachio
  5347 | D:5      | Reached skill level 5 in Fighting
  6152 | D:6      | Reached XP level 8. HP: 45/69 MP: 8/8
  6183 | D:6      | Killed Eustachio
  6563 | D:6      | Reached skill level 6 in Fighting
  6976 | D:6      | Reached skill level 5 in Dodging
  7037 | D:6      | Noticed Pikel
  7385 | D:6      | Found a staircase to the Ecumenical Temple.
  7391 | Temple   | Entered the Ecumenical Temple
  7515 | D:6      | Reached skill level 5 in Unarmed Combat
  7545 | D:6      | Killed Pikel
  7999 | D:7      | Reached XP level 9. HP: 23/78 MP: 9/9
  8032 | D:7      | Found a burning altar of Makhleb.
  8602 | D:7      | Reached skill level 7 in Fighting
  8766 | D:7      | Found a basalt altar of Yredelemnul.
  8766 | D:7      | Found a bloodstained altar of Trog.
  8840 | D:7      | Paralysed by a hornet for 2 turns
  8847 | D:7      | Paralysed by a hornet for 3 turns
  8849 | D:7      | Slain by a hornet

Levels and vault maps discovered:
D:1:      doesnt_arrival_eight_statues, layout_loops_corners,
          corexii_hall_statues_i, minmay_misc_feat_alley
D:2:      layout_basic, nicolae_gozag_seed_capital, st_stairs_14,
          xom_teletrap_fun
D:3:      layout_basic, overflow_temple_1_default, nrook_uturn, uniq_terence
D:4:      layout_basic, lemuel_round_altar, nicolae_overflow_hidden_temple
D:5:      layout_loops_ring, old_standard_altar, kennysheep_little_box,
          portal_sewer_entry_f, first_ration,
          hangedman_abyss_or_decor_lesser_grid
D:6:      layout_basic, minmay_temple_entry_enclosed_plants, uniq_pikel,
          uniq_eustachio
D:7:      layout_cave_pools, makhleb_heckhound_becter, minitemple
Temple:   nicolae_temple_x_marks_the_god

Skill      XL: |  1  2  3  4  5  6  7  8  9 |
---------------+----------------------------+-----
Dodging        | 2 3 4 5 |  5.8
Unarmed Combat | 1 2 3 4 5 |  5.9
Crossbows      | 4 5 6 |  6.6
Fighting       | 3 4 5 6 7 |  7.0
Stealth        | |  0.8

Action                   |  1- 3 |  4- 6 |  7- 9 || total
-------------------------+-------+-------+-------++-------
Melee: Unarmed           |    58 |   123 |   235 ||   416
       Tailslap          |     5 |    27 |    25 ||    57
       Morningstar       |       |    71 |    69 ||   140
       Punch             |       |     2 |     5 ||     7
 Fire: Hand crossbow     |    87 |    58 |    47 ||   192
       Shortbow          |       |       |    53 ||    53
Throw: Boomerang         |       |    16 |    33 ||    49
 Abil: Breathe Dispellin |       |       |     2 ||     2
  Use: Potion            |       |     7 |     4 ||    11
       Scroll            |       |     9 |     7 ||    16
 Stab: Invisible         |       |       |     3 ||     3
  Eat: Chunk             |     4 |     4 |    10 ||    18
       Ration            |       |     1 |     1 ||     2
Armor: Skin              |    30 |    41 |   116 ||   187
Dodge: Dodged            |    56 |   144 |   310 ||   510
